[Event "Charlotte Open 2024"]
[Site "Charlotte"]
[Date "2024.01.14"]
[Round "3.3"]
[White "Cruz, Cristhian"]
[Black "Titus, Andrew"]
[Result "1-0"]
[ECO "A13"]
[WhiteElo "2498"]
[BlackElo "2202"]
[Annotator "RC"]
[PlyCount "87"]
[EventDate "2024.01.05"]
[EventType "swiss"]
[EventCountry "USA"]
[SourceTitle "playchess.com"]
[Source "ChessBase"]
[SourceQuality "1"]
[TimeControl "6600+10"]

1. c4 e6 2. Nf3 d5 3. e3 Nf6 4. b3 Be7 5. Bb2 O-O 6. Nc3 c5 7. cxd5 Nxd5 8. Be2 Nc6 9. O-O b6 10. Nxd5 Qxd5 11. Bc4 Qd8 12. d4 cxd4 13. Nxd4 Nxd4 14. Bxd4 Bb7 15. Qg4 Bf6 16. Rad1 Bxd4 17. Rxd4 Qe7 18. Rfd1 Rfd8 19. h4 h6 20. a4 Rxd4 21. Qxd4 Bc6 22. Qd6 Qxd6 23. Rxd6 Be8 24. e4 Kf8 25. e5 Rc8 26. Rd4 Ke7 27. f4 h5 28. Kf2 Rc7 29. Ke3 Bc6 30. g3 g6 31. Kd3 Rd7 32. Kc3 Rxd4 33. Kxd4 a5 34. Kc3 Kd7 35. f5 exf5 36. Bxf7 g5 37. hxg5 f4 38. gxf4 h4 39. g6 h3 40. g7 h2 41. g8=Q h1=Q 42. Be6+ Ke7 43. Qf7+ Kd8 44. Qf8+ 1-0

[Event "Charlotte Open 2024"]
[Site "Charlotte"]
[Date "2024.01.14"]
[Round "3.4"]
[White "Abrahamyan, Tatev"]
[Black "Troff, Kayden"]
[Result "1/2-1/2"]
[ECO "B27"]
[WhiteElo "2311"]
[BlackElo "2484"]
[Annotator "RC"]
[PlyCount "65"]
[EventDate "2024.01.05"]
[EventType "swiss"]
[EventCountry "USA"]
[SourceTitle "playchess.com"]
[Source "ChessBase"]
[SourceQuality "1"]
[TimeControl "6600+10"]

1. e4 c5 2. Nf3 g6 3. d4 cxd4 4. Qxd4 Nf6 5. Nc3 Nc6 6. Qa4 d6 7. e5 dxe5 8. Nxe5 Bd7 9. Nxd7 Nxd7 10. Bb5 Bg7 11. O-O O-O 12. Rd1 Qc8 13. Nd5 Nb6 14. Bxc6 Nxa4 15. Nxe7+ Kh8 16. Nxc8 bxc6 17. Nd6 Rab8 18. Nc4 Nxb2 19. Bxb2 Bxb2 20. Rab1 Bf6 21. Kf1 Rb5 22. Rxb5 cxb5 23. Nd6 a6 24. Ne4 Be5 25. Rd7 Kg8 26. Re7 Bb2 27. Ra7 Rc8 28. Rxa6 Rxc2 29. Ra8+ Kg7 30. Rb8 Bd4 31. Rxb5 Rxa2 32. Rd5 Bb6 33. Rd7 1/2-1/2

[Event "Charlotte Open 2024"]
[Site "Charlotte"]
[Date "2024.01.14"]
[Round "3.5"]
[White "Vanapalli, Vishnu"]
[Black "Zhou, Jianchao"]
[Result "0-1"]
[ECO "A21"]
[WhiteElo "2276"]
[BlackElo "2562"]
[Annotator "RC"]
[PlyCount "108"]
[EventDate "2024.01.05"]
[EventType "swiss"]
[EventCountry "USA"]
[SourceTitle "playchess.com"]
[Source "ChessBase"]
[SourceQuality "1"]
[TimeControl "6600+10"]

1. c4 e5 2. g3 f5 3. d4 e4 4. Nc3 Nf6 5. Bg2 c6 6. Bg5 Be7 7. e3 Na6 8. Nge2 Nc7 9. O-O d6 10. Rc1 Ng4 11. Bxe7 Qxe7 12. Qd2 O-O 13. h3 Nf6 14. f4 exf3 15. Rxf3 Bd7 16. Re1 Rae8 17. b3 d5 18. Nf4 Qd6 19. c5 Qe7 20. Nd3 Ne4 21. Qc1 Ne6 22. Kh2 N6g5 23. Rf4 Nf7 24. b4 a6 25. Ref1 Nf6 26. Re1 Qd8 27. Rff1 Re7 28. Ne2 Qc7 29. Ng1 Ne4 30. Rf3 Rfe8 31. Re2 g5 32. Qe1 Kh8 33. Rf1 h5 34. Bxe4 fxe4 35. Nc1 h4 36. Kh1 Qxg3 37. Qxg3 hxg3 38. Kg2 Nh6 39. Kxg3 Nf5+ 40. Kf2 Rh7 41. Nb3 Rg8 42. Na5 Bc8 43. a4 g4 44. hxg4 Rxg4 45. Ke1 Rh1 46. Nxb7 Rgxg1 47. Rxg1 Rxg1+ 48. Kf2 Rb1 49. Nd8 Bd7 50. Nf7+ Kg7 51. Ne5 Be8 52. b5 axb5 53. axb5 Rxb5 54. Ra2 Kf8 0-1

[Event "Charlotte Open 2024"]
[Site "Charlotte"]
[Date "2024.01.14"]
[Round "3.6"]
[White "Sadorra, Julio Catalino"]
[Black "Foisor, Sabina-Francesca"]
[Result "1-0"]
[ECO "A11"]
[WhiteElo "2554"]
[BlackElo "2200"]
[Annotator "RC"]
[PlyCount "59"]
[EventDate "2024.01.05"]
[EventType "swiss"]
[EventCountry "USA"]
[SourceTitle "playchess.com"]
[Source "ChessBase"]
[SourceQuality "1"]
[TimeControl "6600+10"]

1. Nf3 d5 2. c4 c6 3. g3 Nf6 4. Bg2 Bf5 5. Qb3 Qc8 6. cxd5 cxd5 7. Nc3 e6 8. Nd4 Bg6 9. d3 Bc5 10. Be3 O-O 11. Rc1 Ng4 12. Na4 Nxe3 13. fxe3 b6 14. Nxc5 bxc5 15. Qb5 Nd7 16. b4 Rb8 17. Qa5 e5 18. Nb3 e4 19. Bh3 f5 20. d4 Rxb4 21. dxc5 Rc4 22. O-O Qc6 23. Qd2 Ne5 24. Nd4 Qd7 25. Rxc4 dxc4 26. Qb4 Qd5 27. Bxf5 Bxf5 28. Nxf5 Nc6 29. Qb7 Rf7 30. Qa8+ 1-0

[Event "Charlotte Open 2024"]
[Site "Charlotte"]
[Date "2024.01.14"]
[Round "3.7"]
[White "Proleiko, Julian"]
[Black "Ippolito, Dean"]
[Result "1-0"]
[ECO "E60"]
[WhiteElo "2270"]
[BlackElo "2379"]
[Annotator "RC"]
[PlyCount "113"]
[EventDate "2024.01.05"]
[EventType "swiss"]
[EventCountry "USA"]
[SourceTitle "playchess.com"]
[Source "ChessBase"]
[SourceQuality "1"]
[TimeControl "6600+10"]

1. Nf3 Nf6 2. g3 g6 3. b3 Bg7 4. Bb2 O-O 5. Bg2 d6 6. d4 Nbd7 7. c4 e5 8. dxe5 Ng4 9. Nc3 Ngxe5 10. Nxe5 dxe5 11. O-O c6 12. Ba3 Re8 13. Ne4 Qa5 14. Qc1 Nf6 15. Nd6 Rd8 16. Nxc8 Raxc8 17. Be7 Re8 18. Qa3 Qxa3 19. Bxa3 Rcd8 20. Rfd1 Nd7 21. Rd2 Nb8 22. Rad1 Rxd2 23. Rxd2 Bf8 24. Bb2 f6 25. e3 Kf7 26. Kf1 Bc5 27. Ke2 Ke7 28. g4 Nd7 29. Bc3 Bd6 30. h4 Nc5 31. Rd1 Rd8 32. Rh1 Na6 33. h5 g5 34. h6 f5 35. gxf5 Kf6 36. f4 gxf4 37. exf4 Kxf5 38. fxe5 Bb4 39. Rf1+ Kg5 40. Bxb4 Nxb4 41. e6 Nxa2 42. Ke3 Re8 43. Bh3 Nb4 44. Rf7 Na6 45. Kd4 Kxh6 46. Rxb7 Kg6 47. Rxa7 Nb4 48. Rb7 Rd8+ 49. Rd7 Rf8 50. e7 Re8 51. Kc5 Na6+ 52. Kd6 Kf6 53. Rb7 c5 54. Rb6 Nb8 55. Kc7+ Kf7 56. Rxb8 Rxe7+ 57. Kc6 1-0

[Event "Charlotte Open 2024"]
[Site "Charlotte"]
[Date "2024.01.14"]
[Round "3.8"]
[White "Belenkaya, Dina"]
[Black "Wofford, Matthew"]
[Result "0-1"]
[ECO "A06"]
[WhiteElo "2202"]
[BlackElo "1993"]
[Annotator "RC"]
[PlyCount "106"]
[EventDate "2024.01.05"]
[EventType "swiss"]
[EventCountry "USA"]
[SourceTitle "playchess.com"]
[Source "ChessBase"]
[SourceQuality "1"]
[TimeControl "6600+10"]

1. Nf3 Nf6 2. b3 d5 3. Bb2 e6 4. g3 c5 5. Bg2 Be7 6. O-O O-O 7. d3 Nc6 8. Nbd2 Re8 9. e4 b6 10. e5 Nd7 11. c4 Bb7 12. h4 Qc7 13. Re1 Nf8 14. h5 h6 15. cxd5 exd5 16. Nf1 d4 17. N1h2 Rad8 18. Bc1 Bc8 19. Bf4 Ne6 20. Bd2 Nf8 21. Bf4 Be6 22. Nd2 Nb4 23. Ne4 Qd7 24. g4 Nh7 25. Bg3 Nd5 26. Kh1 Ng5 27. Nxg5 Bxg5 28. Bxd5 Bxd5+ 29. Kg1 Bb7 30. f4 Qd5 31. Re4 Be7 32. Kf2 b5 33. Rc1 Rc8 34. Nf3 Qd7 35. Nd2 Qd5 36. Kf1 a5 37. Bf2 f6 38. e6 f5 39. gxf5 Qxf5 40. Qe2 Bd6 41. Ke1 Bxf4 42. e7 Bxd2+ 43. Kxd2 Bxe4 44. dxe4 Qf4+ 45. Kd1 Rxe7 46. Rc2 Qxe4 47. Qxb5 Rf7 48. Kc1 d3 49. Rd2 c4 50. Qa6 Rc6 51. Qa8+ Rf8 52. Qxa5 c3 53. Rd1 d2+ 0-1

[Event "Charlotte Open 2024"]
[Site "Charlotte"]
[Date "2024.01.14"]
[Round "3.11"]
[White "Kraai, Jesse"]
[Black "Liu, Ethan"]
[Result "1-0"]
[ECO "D02"]
[WhiteElo "2375"]
[BlackElo "1967"]
[Annotator "RC"]
[PlyCount "74"]
[EventDate "2024.01.05"]
[EventType "swiss"]
[EventCountry "USA"]
[SourceTitle "playchess.com"]
[Source "ChessBase"]
[SourceQuality "1"]
[TimeControl "6600+10"]

1. d4 d5 2. Nf3 e6 3. Bf4 Nf6 4. e3 c5 5. Nbd2 Nc6 6. c3 Bd6 7. Bg3 Qe7 8. Ne5 O-O 9. Bd3 Nd7 10. Nxd7 Bxd7 11. Bxd6 Qxd6 12. dxc5 Qxc5 13. Bxh7+ Kxh7 14. Qh5+ Kg8 15. Ne4 Qc4 16. Ng5 Rfe8 17. Qxf7+ Kh8 18. Qxd7 Qg4 19. Nf7+ Kg8 20. Qxb7 Qxg2 21. O-O-O Rab8 22. Qxc6 Qxf2 23. Rd2 Qxf7 24. Qd6 Rb7 25. Qe5 Ree7 26. Rg1 Qe8 27. Kb1 Qa4 28. Qd4 Qc6 29. h4 Kf8 30. h5 Ke8 31. e4 Red7 32. h6 gxh6 33. Qf6 Re7 34. exd5 Qc4 35. dxe6 Qe4+ 36. Kc1 Qh7 37. Rdg2 Rg7 1-0

[Event "Charlotte Open 2024"]
[Site "Charlotte"]
[Date "2024.01.14"]
[Round "3.12"]
[White "Joseph, Jonath"]
[Black "King, Alexander"]
[Result "1/2-1/2"]
[ECO "B22"]
[WhiteElo "2149"]
[BlackElo "2302"]
[Annotator "RC"]
[PlyCount "111"]
[EventDate "2024.01.05"]
[EventType "swiss"]
[EventCountry "USA"]
[SourceTitle "playchess.com"]
[Source "ChessBase"]
[SourceQuality "1"]
[TimeControl "6600+10"]

1. e4 c5 2. Nf3 e6 3. c3 Nf6 4. e5 Nd5 5. d4 cxd4 6. cxd4 d6 7. Bc4 Nb6 8. Bd3 Nc6 9. a3 dxe5 10. dxe5 Nd7 11. Bb5 Qc7 12. Bf4 a6 13. Bxc6 Qxc6 14. Nc3 b5 15. O-O Bb7 16. Re1 Nc5 17. Qe2 g5 18. Be3 Nb3 19. Rad1 Be7 20. Qf1 h6 21. Nd4 Nxd4 22. Rxd4 Rd8 23. Ne4 Rxd4 24. Bxd4 O-O 25. f4 g4 26. f5 Rd8 27. f6 Bf8 28. Bc3 Qc4 29. Qxc4 bxc4 30. Bb4 Bxb4 31. axb4 Bxe4 32. Rxe4 Rd1+ 33. Kf2 Rd2+ 34. Kg3 h5 35. Rxc4 Rxb2 36. Kh4 Kh7 37. Kg5 Rf2 38. Kxh5 Rf5+ 39. Kxg4 Rxe5 40. h4 Kg6 41. Rf4 a5 42. bxa5 Rxa5 43. g3 e5 44. h5+ Kh6 45. Re4 Ra6 46. Kf5 Ra3 47. g4 Rf3+ 48. Kxe5 Kg5 49. Kd6 Rxf6+ 50. Ke7 Rf3 51. Rb4 f5 52. gxf5 Rxf5 53. Ke6 Rf8 54. Rb5+ Kh6 55. Ke7 Rf4 56. Ke6 1/2-1/2

[Event "Charlotte Open 2024"]
[Site "Charlotte"]
[Date "2024.01.14"]
[Round "3.13"]
[White "Kantor, Gergely"]
[Black "Yan, Benjamin"]
[Result "1-0"]
[ECO "D52"]
[WhiteElo "2531"]
[BlackElo "2025"]
[Annotator "TA"]
[PlyCount "51"]
[EventDate "2024.01.05"]
[EventType "swiss"]
[EventCountry "USA"]
[SourceTitle "playchess.com"]
[Source "ChessBase"]
[SourceQuality "1"]
[TimeControl "6600+10"]

1. d4 d5 2. c4 c6 3. Nf3 Nf6 4. Nc3 e6 5. Bg5 Nbd7 6. e3 Qa5 7. Nd2 {[%emt 0:00:19] 7.cxd5 is the fancy move.} Bb4 8. Rc1 {[%emt 0:00:34] D52: Queen's Gambit Declined: Cambridge Springs Variation.} Ne4 9. Ndxe4 dxe4 10. Bh4 {[%emt 0:01:19] The position is equal.} Qxa2 11. Qc2 ({Reject} 11. Qd2 Qb3 $15) 11... O-O {[%emt 0:07:26] [#]} (11... Nb6 $11) 12. Be7 $146 (12. Be2 {simplifies} Bxc3+ 13. Qxc3 Qa6 14. b4) ({Predecessor:} 12. Be2 e5 13. O-O Qa5 14. Nxe4 exd4 15. exd4 Qf5 16. Bd3 Qh5 17. Bg3 Re8 18. c5 {0-1 Sarana,A (2654)-Ajay,K (2315) Titled Tuesday intern op 11th Aug blitz 2020 (4)}) 12... Qa5 13. Bxf8 $16 Nxf8 14. Qxe4 Bd7 (14... e5 $142) 15. Be2 $18 Re8 16. O-O a6 17. f4 Bd6 18. c5 Bb8 19. Qc2 f6 20. Bc4 Kh8 21. Rf3 e5 $2 {[%emt 0:01:03] [#]} (21... Re7 22. g4 Be8) 22. fxe5 {[%emt 0:00:52] White is clearly winning.} fxe5 (22... Bxe5 $142 23. dxe5 Qxc5) 23. Rcf1 Qd8 24. Qf2 Ng6 25. Bf7 e4 {[%emt 0:00:10] [#]} 26. Nxe4 $1 {[%mdl 512] Black did not feel at home in the position after the opening.   Weighted Error Value: White=0.08 (flawless) /Black=0.45} 1-0

[Event "Charlotte Open 2024"]
[Site "Charlotte"]
[Date "2024.01.14"]
[Round "3.14"]
[White "Brady, Tyson"]
[Black "Aaron, Deepak"]
[Result "0-1"]
[ECO "B33"]
[WhiteElo "2063"]
[BlackElo "2296"]
[Annotator "RC"]
[PlyCount "82"]
[EventDate "2024.01.05"]
[EventType "swiss"]
[EventCountry "USA"]
[SourceTitle "playchess.com"]
[Source "ChessBase"]
[SourceQuality "1"]
[TimeControl "6600+10"]

1. e4 c5 2. Nf3 Nc6 3. d4 cxd4 4. Nxd4 Nf6 5. Nc3 e5 6. Ndb5 d6 7. Bg5 a6 8. Na3 b5 9. Nd5 Be7 10. Bxf6 Bxf6 11. c3 Ne7 12. Nxf6+ gxf6 13. Qf3 f5 14. exf5 Bxf5 15. Bd3 Be6 16. Nc2 f5 17. Qh3 Qd7 18. f4 Ng6 19. O-O O-O 20. fxe5 dxe5 21. Rad1 Rad8 22. Qe3 Qc7 23. Nd4 Bc8 24. Nb3 Qg7 25. Nc5 Rde8 26. Bc2 Kh8 27. Kh1 e4 28. Qd4 Ne5 29. Rde1 Rd8 30. Qf2 Nc4 31. Bb3 e3 32. Qf4 Rd2 33. Rg1 Rf2 34. Qh4 Rg8 35. Qd4 Qxd4 36. cxd4 f4 37. d5 Bf5 38. d6 Rd8 39. g4 Bg6 40. Bxc4 bxc4 41. d7 Rxd7 0-1

[Event "Charlotte Open 2024"]
[Site "Charlotte"]
[Date "2024.01.14"]
[Round "3.15"]
[White "Kogen, Jonathan"]
[Black "Ligotti, John J"]
[Result "1/2-1/2"]
[ECO "E05"]
[WhiteElo "2220"]
[BlackElo "1864"]
[Annotator "TA"]
[PlyCount "89"]
[EventDate "2024.01.05"]
[EventType "swiss"]
[EventCountry "USA"]
[SourceTitle "playchess.com"]
[Source "ChessBase"]
[SourceQuality "1"]
[TimeControl "6600+10"]

1. d4 Nf6 2. Nf3 d5 3. g3 e6 4. Bg2 Be7 5. O-O O-O 6. c4 dxc4 7. Qc2 b6 8. Bg5 Nd5 9. Bxe7 Qxe7 10. Rc1 c5 11. dxc5 Qxc5 12. Ng5 {[%emt 0:06:17][%csl Gg5][%cal Rc2h7] [#]} g6 13. Nd2 {[%emt 0:10:32][%mdl 1024] White has compensation.} (13. Qxc4 {simplifies} Qxc4 14. Rxc4 Ba6 15. Ra4) 13... Ba6 (13... Qe7 {simplifies} 14. Nge4 Rd8 15. Nxc4 Bb7) 14. Qe4 {[%emt 0:07:29][%cal Og5e6] Hoping for Nxe6!} Qe7 ({Much worse is} 14... c3 $6 15. bxc3 (15. Qh4 h5 $16) 15... Qe7 16. c4 Qxg5 17. cxd5 Qxd2 18. dxe6 $16) 15. Qh4 f6 16. Ngf3 Nd7 17. Nxc4 Rac8 18. Ncd2 Rxc1+ ({Of course not} 18... Bxe2 19. Nd4 Rxc1+ 20. Rxc1 $14) 19. Rxc1 Nc5 20. Nd4 Bb7 21. Ne4 Nxe4 22. Qxe4 Rc8 23. Rxc8+ (23. Qxe6+ $2 {loses.} Qxe6 24. Rd1 Qd7 $19) 23... Bxc8 24. Qc2 Bb7 25. Qa4 a6 26. e3 b5 27. Qa5 Qd6 28. Qd2 Kf7 29. a3 Ke7 30. b4 Qc7 31. Nb3 {[%emt 0:02:33] Black must now prevent Nc5.} Nb6 {[%emt 0:01:01] The position is equal.} 32. Bxb7 Nc4 33. Qd4 Qxb7 $11 {[%emt 0:00:02][%mdl 4096] Endgame. KQN-KQN} 34. Qc5+ Kf7 35. Na5 Nxa5 36. bxa5 {[%emt 0:00:04] KQ-KQ} g5 37. Kf1 Kg6 38. Ke2 Qe4 39. Qb6 Qc4+ 40. Kd2 Qa2+ 41. Ke1 Qb1+ 42. Kd2 Qb2+ 43. Kd1 Qb1+ 44. Kd2 Qb2+ 45. Kd1 {[%emt 0:00:04] Weighted Error Value: White=0.05 (flawless) /Black=0.05 (flawless) .  Inaccurate:     	White=2     	Black=2      OK:         	White=17    	Black=14     Best:        	---       	Black=2} 1/2-1/2

[Event "Charlotte Open 2024"]
[Site "Charlotte"]
[Date "2024.01.14"]
[Round "3.16"]
[White "Peatman, Carter"]
[Black "Vigorito, David"]
[Result "1-0"]
[ECO "B07"]
[WhiteElo "2022"]
[BlackElo "2256"]
[Annotator "RC"]
[PlyCount "61"]
[EventDate "2024.01.05"]
[EventType "swiss"]
[EventCountry "USA"]
[SourceTitle "playchess.com"]
[Source "ChessBase"]
[SourceQuality "1"]
[TimeControl "6600+10"]

1. e4 d6 2. d4 Nf6 3. Nc3 c6 4. f4 Qa5 5. Bd3 e5 6. dxe5 dxe5 7. Nf3 Bg4 8. f5 Nbd7 9. Bd2 Qc7 10. h3 Bxf3 11. Qxf3 h5 12. g3 b5 13. O-O-O Nc5 14. Ne2 a5 15. g4 h4 16. g5 Nfd7 17. Kb1 b4 18. g6 f6 19. Bc4 Bd6 20. Nc1 Ke7 21. Nd3 Rab8 22. Be3 Na4 23. Nc1 Bc5 24. Nb3 Bb6 25. Be6 Nf8 26. Bxb6 Rxb6 27. Qd3 Rb8 28. Qc4 c5 29. Bg8 Ke8 30. Nxa5 Nb6 31. Qf7+ 1-0

[Event "Charlotte Open 2024"]
[Site "Charlotte"]
[Date "2024.01.14"]
[Round "3.17"]
[White "Fang, Thomas"]
[Black "Prabhu, Naveen"]
[Result "0-1"]
[ECO "B12"]
[WhiteElo "1856"]
[BlackElo "2103"]
[Annotator "TA"]
[PlyCount "86"]
[EventDate "2024.01.05"]
[EventType "swiss"]
[EventCountry "USA"]
[SourceTitle "playchess.com"]
[Source "ChessBase"]
[SourceQuality "1"]
[TimeControl "6600+10"]

1. e4 c6 2. d4 d5 3. e5 c5 4. c3 Nc6 5. Be2 cxd4 6. cxd4 Bf5 7. Nc3 e6 8. g4 (8. Nf3 $11) 8... Bg6 9. h4 {[%emt 0:00:11] [#] Und h5 würde nun gewinnen.} h5 $1 10. gxh5 Bf5 11. Nf3 Bg4 12. Ng5 Bxe2 13. Nxe2 Rxh5 14. Be3 Bb4+ 15. Kf1 Be7 16. Nf4 Rh6 $1 17. Nf3 Rh8 18. Rg1 Bf8 19. Rc1 Nh6 20. h5 Nf5 21. a3 (21. Rg5 $11) 21... Qb6 22. Qd3 O-O-O 23. b4 {[%emt 0:00:21] Ng5 ist eine echte Drohung.} Kb8 24. Ng5 Rd7 25. Rd1 a6 26. Rd2 Na7 27. Kg2 Qd8 28. Kf3 Qe8 29. Rc2 Be7 30. Bd2 (30. Ke2 $17 {ist eine bessere Verteidigung.}) 30... Rd8 31. Ngh3 $2 (31. Ke2 $17 {war einen Versuch wert.}) 31... f6 $2 (31... Qa4 $19 {[%cal Oa4c2] Weiss muss nun ...Qxc2! beachten.} 32. Be3 Nb5) 32. Kg2 $17 Qd7 (32... Nb5 $17 33. Nxe6 Qxh5 34. Nxd8 Nh4+ (34... Bxd8 35. Nf4 $15) 35. Kh1 Bxd8 (35... Rxd8 36. Nf4 $11) (35... Nf3 36. Rg3 $16)) 33. Re1 (33. Rgc1 $15) 33... fxe5 34. dxe5 {[%emt 0:00:07] [#]} Rc8 $1 35. Rxc8+ Rxc8 ({Vorzuziehen ist} 35... Nxc8 $17 36. Qe2 Nh4+ 37. Kh2 Na7) 36. Ng6 {[%emt 0:00:51] [#]} (36. Rc1 $1 $15) 36... Rc4 $1 37. Nhf4 Rd4 38. Qc2 Nb5 39. Bc1 (39. Ne2 $17 Re4 (39... Nxa3 40. Qxf5 Rxd2 41. Qf7 $11) 40. Qd3) 39... Rc4 $19 40. Qb2 (40. Qd3 $142) 40... Qc6 41. Kf1 $2 (41. a4 d4+ (41... Rxb4 $2 {geht unter.} 42. axb5 Qd7 43. Qa2 $18) 42. Kg1) 41... d4 {[%emt 0:00:19] Droht ...Qh1+ und aus.} 42. Qb1 Qh1+ 43. Ke2 Nc3+ {[%emt 0:00:07] Gewichteter Fehlerwert: Weiß=0.59/Schwarz=0.25 (präzise) .  Verlustzug:     	Weiß=1     	---        Gewinn verpasst:   	---       	Schwarz=1     Fehler:       	Weiß=8     	Schwarz=2     Ungenau:       	Weiß=3     	Schwarz=6     OK:         	Weiß=9     	Schwarz=14    Bester:       	Weiß=2     	---        Stark:        	---       	Schwarz=3     Brilliant:      	---       	Schwarz=1} 0-1

[Event "Charlotte Open 2024"]
[Site "Charlotte"]
[Date "2024.01.14"]
[Round "4.1"]
[White "Chasin, Nico"]
[Black "Cruz, Cristhian"]
[Result "1/2-1/2"]
[ECO "E19"]
[WhiteElo "2437"]
[BlackElo "2498"]
[Annotator "RC"]
[PlyCount "20"]
[EventDate "2024.01.05"]
[EventType "swiss"]
[EventCountry "USA"]
[SourceTitle "playchess.com"]
[Source "ChessBase"]
[SourceQuality "1"]
[TimeControl "6600+10"]

1. d4 Nf6 2. c4 e6 3. Nf3 b6 4. g3 Bb7 5. Bg2 Be7 6. O-O O-O 7. Nc3 Ne4 8. Qc2 Nxc3 9. Qxc3 d6 10. b3 Nd7 1/2-1/2

[Event "Charlotte Open 2024"]
[Site "Charlotte"]
[Date "2024.01.15"]
[Round "4.2"]
[White "Zhou, Jianchao"]
[Black "Kraai, Jesse"]
[Result "1/2-1/2"]
[ECO "A13"]
[WhiteElo "2562"]
[BlackElo "2375"]
[Annotator "RC"]
[PlyCount "74"]
[EventDate "2024.01.05"]
[EventType "swiss"]
[EventCountry "USA"]
[SourceTitle "playchess.com"]
[Source "ChessBase"]
[SourceQuality "1"]
[TimeControl "6600+10"]

1. Nf3 Nf6 2. c4 e6 3. Nc3 d5 4. e3 Be7 5. b3 O-O 6. Bb2 c5 7. cxd5 exd5 8. d4 b6 9. Be2 Bb7 10. O-O Nbd7 11. Bd3 Re8 12. Qe2 a6 13. Rfd1 Bd6 14. Rac1 Qe7 15. Bf5 Rad8 16. Bxd7 Nxd7 17. dxc5 Nxc5 18. Kh1 Qe6 19. Na4 Qh6 20. Bd4 Ne4 21. Kg1 b5 22. Nc3 b4 23. Nxe4 dxe4 24. Ne5 Rc8 25. Qg4 Rxc1 26. Rxc1 Qe6 27. Qxe6 Rxe6 28. Nc4 f6 29. Kf1 Bc6 30. Ke1 Bf8 31. Na5 Bb5 32. Bc5 Re5 33. Bxf8 Kxf8 34. Rc8+ Kf7 35. Rc7+ Kg6 36. Nc6 Bxc6 37. Rxc6 Ra5 1/2-1/2

[Event "Charlotte Open 2024"]
[Site "Charlotte"]
[Date "2024.01.15"]
[Round "4.3"]
[White "Horobetz, Graham"]
[Black "Sadorra, Julio Catalino"]
[Result "0-1"]
[ECO "C70"]
[WhiteElo "2249"]
[BlackElo "2554"]
[Annotator "RC"]
[PlyCount "148"]
[EventDate "2024.01.05"]
[EventType "swiss"]
[EventCountry "USA"]
[SourceTitle "playchess.com"]
[Source "ChessBase"]
[SourceQuality "1"]
[TimeControl "6600+10"]

1. e4 e5 2. Nf3 Nc6 3. Bb5 a6 4. Ba4 Nge7 5. c3 Ng6 6. O-O d5 7. exd5 Qxd5 8. d4 Bg4 9. dxe5 O-O-O 10. Qxd5 Rxd5 11. c4 Rd3 12. Bc2 Rd7 13. Be3 Ngxe5 14. Nxe5 Nxe5 15. b3 g6 16. f3 Bg7 17. Nd2 Rhd8 18. Rad1 Bf5 19. Ne4 Bxe4 20. fxe4 Ng4 21. Rxd7 Rxd7 22. Bc5 Bd4+ 23. Bxd4 Rxd4 24. Rd1 Rd7 25. b4 b6 26. Ba4 Rxd1+ 27. Bxd1 Ne5 28. Be2 Kd7 29. Kf2 a5 30. bxa5 bxa5 31. Ke3 Kd6 32. Kd4 Nc6+ 33. Kc3 Kc5 34. h3 h5 35. a3 Nd4 36. Bd1 h4 37. Bg4 f6 38. Kd3 Nc6 39. Kc3 Nd8 40. Bd7 Nb7 41. Kd3 Kd6 42. Be8 Nc5+ 43. Kd4 Ne6+ 44. Ke3 g5 45. Bf7 Nf4 46. Kf3 Ke5 47. Bg8 Kd4 48. Bf7 c5 49. Bg8 Nd3 50. Kg4 Ke5 51. Kf3 Kd4 52. Kg4 Nf4 53. Kf5 Nxg2 54. Kxf6 g4 55. e5 gxh3 56. e6 h2 57. e7 h1=Q 58. e8=Q Qf1+ 59. Kg7 Qf4 60. Qd8+ Ke3 61. Qxa5 Qe5+ 62. Kf8 h3 63. Bd5 Qf6+ 64. Ke8 Qe5+ 65. Kf8 Qd6+ 66. Kf7 Kd3 67. Qb5 Ne3 68. Qb1+ Kd2 69. Qb2+ Nc2 70. Qb1 h2 71. Qh1 Qf4+ 72. Ke7 Ne3 73. a4 Nxd5+ 74. Qxd5+ Kc3 0-1

[Event "Charlotte Open 2024"]
[Site "Charlotte"]
[Date "2024.01.15"]
[Round "4.4"]
[White "Brodsky, David"]
[Black "Abrahamyan, Tatev"]
[Result "1-0"]
[ECO "C02"]
[WhiteElo "2492"]
[BlackElo "2311"]
[Annotator "RC"]
[PlyCount "96"]
[EventDate "2024.01.05"]
[EventType "swiss"]
[EventCountry "USA"]
[SourceTitle "playchess.com"]
[Source "ChessBase"]
[SourceQuality "1"]
[TimeControl "6600+10"]

1. e4 e6 2. d4 d5 3. e5 c5 4. c3 Nc6 5. Nf3 Bd7 6. Be2 Rc8 7. O-O Qb6 8. dxc5 Qc7 9. Bf4 Bxc5 10. b4 Bb6 11. Na3 a6 12. Rc1 Nge7 13. b5 Na5 14. bxa6 O-O 15. c4 dxc4 16. Nxc4 Nxc4 17. Bxc4 Bc6 18. Ng5 h6 19. Nh3 Rfd8 20. Qg4 Nf5 21. Bb5 Rd5 22. a4 Qd7 23. Bxc6 Rxc6 24. Rxc6 bxc6 25. Qe2 Ra5 26. Qc4 Qd5 27. Rc1 Qxc4 28. Rxc4 Rxa6 29. Kf1 Bc7 30. g4 Ne7 31. Bg3 Nd5 32. Ng1 Ba5 33. Ne2 Bb4 34. Nf4 c5 35. Nd3 Ra5 36. h3 Nb6 37. Rc2 Ba3 38. Rc3 Bb4 39. Rc2 g5 40. f4 Nd5 41. Ra2 c4 42. Nxb4 Nxb4 43. Be1 Nxa2 44. Bxa5 c3 45. fxg5 hxg5 46. Bb6 c2 47. Be3 c1=Q+ 48. Bxc1 Nxc1 1-0

[Event "Charlotte Open 2024"]
[Site "Charlotte"]
[Date "2024.01.15"]
[Round "4.5"]
[White "Troff, Kayden"]
[Black "Proleiko, Julian"]
[Result "1-0"]
[ECO "A04"]
[WhiteElo "2484"]
[BlackElo "2270"]
[Annotator "RC"]
[PlyCount "101"]
[EventDate "2024.01.05"]
[EventType "swiss"]
[EventCountry "USA"]
[SourceTitle "playchess.com"]
[Source "ChessBase"]
[SourceQuality "1"]
[TimeControl "6600+10"]

1. Nf3 c5 2. g3 g6 3. Bg2 Bg7 4. O-O Nc6 5. e3 d5 6. d4 cxd4 7. Nxd4 Nf6 8. c4 Bg4 9. Qa4 Bd7 10. cxd5 Nxd5 11. Nxc6 Bxc6 12. Qb3 e6 13. e4 Nb6 14. Nc3 O-O 15. Be3 Qd3 16. Rfd1 Qc4 17. Qa3 Qa6 18. Qxa6 bxa6 19. Bd4 Rfd8 20. Bxg7 Kxg7 21. Bf1 a5 22. Rac1 Rxd1 23. Rxd1 Na4 24. Nxa4 Bxa4 25. Rc1 Rb8 26. b3 Bb5 27. Bxb5 Rxb5 28. Rc4 Kf6 29. Kf1 a6 30. Ke2 Ke5 31. f4+ Kd6 32. e5+ Kd7 33. Kd3 Rd5+ 34. Ke3 Rb5 35. Rd4+ Kc7 36. Kf3 Rc5 37. Kg4 h6 38. Rd2 a4 39. bxa4 Rc4 40. a5 Ra4 41. h4 Rxa5 42. h5 gxh5+ 43. Kxh5 f6 44. Kxh6 fxe5 45. fxe5 Rxe5 46. g4 Rd5 47. Rh2 e5 48. g5 e4 49. g6 e3 50. g7 Rd2 51. Rh1 1-0

[Event "Charlotte Open 2024"]
[Site "Charlotte"]
[Date "2024.01.15"]
[Round "4.6"]
[White "Cordova, Emilio"]
[Black "Jiang, Andrew"]
[Result "1-0"]
[ECO "C00"]
[WhiteElo "2563"]
[BlackElo "2213"]
[Annotator "RC"]
[PlyCount "53"]
[EventDate "2024.01.05"]
[EventType "swiss"]
[EventCountry "USA"]
[SourceTitle "playchess.com"]
[Source "ChessBase"]
[SourceQuality "1"]
[TimeControl "6600+10"]

1. Nf3 d5 2. g3 Nf6 3. Bg2 e6 4. O-O Be7 5. d3 O-O 6. Nbd2 c5 7. e4 Nc6 8. Re1 b6 9. e5 Nd7 10. Nf1 Qc7 11. Bf4 Ba6 12. h4 Rfd8 13. h5 h6 14. Ne3 b5 15. Qd2 Bf8 16. Ng4 Kh7 17. Nfh2 c4 18. d4 b4 19. c3 Bb5 20. Re3 Ne7 21. Rf3 bxc3 22. bxc3 Ng8 23. Qc2+ Kh8 24. Bxh6 Nxh6 25. Nxh6 gxh6 26. Rxf7 Bg7 27. Ng4 1-0